 Dungeon Crawl Stone Soup version 0.19-a0-1019-g9c6a58d (webtiles) character file.

62 AlphabetPasta the Grasshopper (level 3, -3/29 HPs)
             Began as a Demigod Warper on July 25, 2016.
             Slain by a giant gecko (5 damage)
             ... on level 2 of the Dungeon.
             The game lasted 00:05:42 (1514 turns).

AlphabetPasta the Grasshopper (Demigod Warper)      Turns: 1514, Time: 00:05:45

Health: -3/29      AC:  3    Str: 16    XL:     3   Next: 60%
Magic:  8/8        EV: 17    Int: 17    God:
Gold:   8          SH:  4    Dex: 20    Spells: 3 memorised, 1 level left

rFire  . . .     SeeInvis .     a - +0 hand axe
rCold  . . .     Gourm    .     b - +0 leather armour
rNeg   . . .     Faith    .     j - +0 buckler
rPois  .         Spirit   .     (no helmet)
rElec  .         Dismiss  .     (no cloak)
rCorr  .         Reflect  .     (no gloves)
SustAt +         Harm     .     (no boots)
MR     .....                    (no amulet)
Stlth  +++.......               (no ring)
                                (no ring)

@: agile, lethally poisoned (-3 -> -15), not resistant to hostile enchantments,
fairly stealthy
A: high mp 1, sustain attributes
a: no special abilities


You were on level 2 of the Dungeon.
You were not hungry.

You visited 1 branch of the dungeon, and saw 2 of its levels.

You collected 8 gold pieces.

Inventory:

Hand Weapons
 a - a +0 hand axe (weapon)
Missiles
 e - 2 tomahawks of dispersal (quivered)
Armour
 b - a +0 leather armour (worn)
 j - a +0 buckler (worn)
Scrolls
 d - a scroll of blinking
 g - 2 scrolls of identify {unknown}
 h - a scroll of enchant weapon {unknown}
 m - a scroll of enchant armour {unknown}
 n - a scroll of remove curse {unknown}
Potions
 i - a potion of degeneration {unknown}
 k - a potion of agility
 l - a potion of might {unknown}
 p - a potion of brilliance {unknown}
Books
 c - a book of Spatial Translocations

   Spells                             Type                      Level
   a - Apportation                    Translocation                1
   b - Blink                          Translocation                2
   c - Shroud of Golubria             Charms/Translocation         2
   d - Portal Projectile              Translocation                3
   e - Teleport Other                 Translocation                3
   f - Passage of Golubria            Translocation                4
Comestibles
 f - a bread ration
 o - 3 chunks of flesh


   Skills:
 - Level 1.9 Fighting
 * Level 2.3 Axes
 - Level 0.8 Throwing
 + Level 1.5 Armour
 + Level 2.3 Dodging
 + Level 0.5 Shields
 + Level 2.0 Spellcasting
 + Level 3.0 Translocations


You had one spell level left.
You knew the following spells:

 Your Spells              Type           Power        Failure   Level  Hunger
a - Apportation           Tloc           ##........   12%         1    #......
b - Blink                 Tloc           N/A          17%         2    ###....
c - Shroud of Golubria    Chrm/Tloc      #.........   30%         2    ###....


Dungeon Overview and Level Annotations

Branches:
Dungeon (2/15)


Innate Abilities, Weirdness & Mutations

You have an increased reservoir of magic. (+10% MP)
Your attributes are resistant to harm.


Message History

You throw a tomahawk of dispersal.
The tomahawk of dispersal misses the adder.
The tomahawk of dispersal completely misses the giant gecko.
* * * LOW HITPOINT WARNING * * *
You feel sick. The adder barely misses you.
Throwing (i - inventory):
e - 3 tomahawks of dispersal (quivered)
Press: ? - help, Shift-Dir - straight line, f/p - adder
Aim: an adder You throw a tomahawk of dispersal.
The tomahawk of dispersal hits the adder!
The adder blinks!
* * * LOW HITPOINT WARNING * * *
You feel sick.
It was a potion of agility.
You feel agile all of a sudden.
* * * LOW HITPOINT WARNING * * *
You feel sick. The giant gecko bites you.
* * * LOW HITPOINT WARNING * * *
The giant gecko bites you.
You die...

....... ....... .......
....... ##########
....... #.........
....... #.##...##.
.......#########.##....#.
.......l@.......>......#.
.......#########..####.#.
.....!. #.........
###.... ##.#######. #....
#....# #. #....
#..#.#####. #....
#(.#...)... #....
###....######
............#


You could see a giant gecko.

Vanquished Creatures
  3 adders
  2 dart slugs (D:1)
  A giant gecko (D:1)
  6 bats
  A giant cockroach (D:1)
  3 goblins (D:1)
  3 hobgoblins (D:1)
  7 kobolds
  A ball python (D:2)
  2 giant newts (D:1)
  3 rats (D:1)
32 creatures vanquished.

Notes
Turn   | Place    | Note
-------+----------+-------------------------------------------
     0 | D:1      | AlphabetPasta the Demigod Warper began the quest for the Orb.
     0 | D:1      | Reached XP level 1. HP: 17/17 MP: 5/5
    77 | D:1      | Reached skill level 1 in Armour
   222 | D:1      | Reached XP level 2. HP: 11/24 MP: 7/7
   226 | D:1      | Learned a level 2 spell: Blink
   941 | D:1      | Reached XP level 3. HP: 26/29 MP: 8/8
  1310 | D:2      | Learned a level 2 spell: Shroud of Golubria
  1510 | D:2      | Reached skill level 3 in Translocations
  1514 | D:2      | Slain by a giant gecko

Vault maps used:
D:1:      lemuel_arrival_river_bridge, serial_corexii_hall,
          corexii_hall_statues_i, corexii_hall_statues_t,
          corexii_hall_statues_l, corexii_hall_statues_t
D:2:      minmay_diamond_boxcup

Skill      XL: |  1  2  3 |
---------------+----------+-----
Armour         | 1 |  1.5
Axes           | 2 |  2.3
Dodging        | 2 |  2.3
Spellcasting   | 2 |  2.0
Translocations | 3 |  3.0
Fighting       | |  1.9
Throwing       | |  0.8
Shields        | |  0.5

Action                   || total
-------------------------++-------
Melee: Hand axe          ||    93
Throw: Tomahawk          ||     3
  Use: Potion            ||     1
 Stab: Sleeping          ||     1
  Eat: Chunk             ||     2
Armor: Leather armour    ||    27
Dodge: Dodged            ||    54
Block: Buckler           ||    13
